 Dungeon Crawl Stone Soup version 0.27-a0-668-gb5737ff2c0 (webtiles) character file.

Game seed: 11958092529053540729

2121173 sammydre the Conqueror (level 27, 214/214 HPs)
             Began as a Gargoyle Fighter on Mar 13, 2021.
             Was the Champion of Qazlal.
             Escaped with the Orb
             ... and 4 runes on Apr 8, 2021!
             The game lasted 05:39:41 (88153 turns).

sammydre the Conqueror (Gargoyle Fighter)          Turns: 88153, Time: 05:39:42

Health: 214/214    AC: 71    Str: 26    XL:     27
Magic:  34/34      EV: 10    Int: 11    God:    Qazlal [******]
Gold:   5451       SH: 36    Dex: 13    Spells: 26/26 levels left

rFire    + + +     SeeInvis +   k - +9 eveningstar (flame)
rCold    + + .     Faith    .   y - +2 tower shield {reflect}
rNeg     + + +     Spirit   .   b - +12 gold dragon scales
rPois    ∞         Reflect  +   a - +2 hat {SInv}
rElec    +         Harm     .   T - +1 cloak of the Saviour {*Corrode rF+++ Str-4 Dex+4}
rCorr    +         Rampage  .   G - +2 pair of gloves {Str+3}
Will     ++++.                  R - +2 pair of boots
Stlth    ..........             v - amulet of Vitality {Regen+ HP+15}
HPRegen  1.45/turn              P - ring "Rukhlutt" {+Fly rN++ Will+ Str-2}
MPRegen  0.24/turn              t - ring "Jiozuw" {rC+ rCorr}

@: flying, studying Polearms, repel missiles
A: AC +20, big wings, negative energy resistance 1, electricity resistance,
torment resistance 1, unbreathing 1, petrification resistance, iridescent scales
1, blink, dopey 1, fire resistance 1, low mp 1, strong-willed 1, mutation
resistance 1
0: Orb of Zot
}: 4/15 runes: decaying, serpentine, slimy, silver
a: Stop Flying, Blink, Renounce Religion, Upheaval, Elemental Force, Disaster
Area


You escaped.
You worshipped Qazlal.
Qazlal was exalted by your worship.
You visited 11 branches of the dungeon, and saw 55 of its levels.
You visited the Abyss 2 times.
You also visited: Volcano.

You collected 9588 gold pieces.
You spent 4137 gold pieces at shops.

Inventory:

Hand Weapons
 k - a +9 eveningstar of flaming (weapon)
 Z - a +2 hand crossbow of flaming
Missiles
 q - 27 silver javelins (quivered)
 u - 7 javelins
 x - 2 throwing nets
 C - 1171 bolts
Armour
 a - a +2 hat of see invisible (worn)
 b - +12 gold dragon scales (worn)
 l - a +0 cloak of willpower
 y - a +2 tower shield of reflection (worn)
 G - a +2 pair of gloves of strength (worn)
 R - a +2 pair of boots (worn)
 T - the +1 cloak of the Saviour (worn) {*Corrode rF+++ Str-4 Dex+4}
   (You found it on level 6 of the Lair of Beasts)

   It affects your strength (-4).
   It affects your dexterity (+4).
   It renders you almost immune to fire.
   It may corrode you when you take damage.
Jewellery
 t - the ring "Jiozuw" (left hand) {rC+ rCorr}
   (You bought it in a shop on level 2 of the Orcish Mines)

   [ring of resist corrosion]

   It protects you from cold.
   It provides partial protection from all sources of acid and corrosion.
 v - the amulet of Vitality (around neck) {Regen+ HP+15}
   (You found it on level 5 of the Pits of Slime)

   [amulet of regeneration]

   It affects your health (+15).
   It increases your rate of regeneration.
 P - the ring "Rukhlutt" (right hand) {+Fly rN++ Will+ Str-2}
   (You took it off a yaktaur captain on level 5 of the Vaults)

   [ring of flight]

   It affects your strength (-2).
   It greatly protects you from negative energy.
   It affects your willpower, your defense against some magical effects.
   It lets you fly.
Wands
 z - a wand of polymorph (32)
 E - a wand of iceblast (5)
 J - a wand of digging (11)
 K - a wand of acid (27)
 W - a wand of mindburst (17)
Scrolls
 c - 4 scrolls of silence
 f - 17 scrolls of teleportation
 r - 8 scrolls of amnesia
 s - 36 scrolls of identify
 A - a scroll of holy word
 D - 13 scrolls of fog
 M - 3 scrolls of magic mapping
 N - 4 scrolls of immolation
 O - 7 scrolls of blinking
 X - 5 scrolls of summoning
 Y - 7 scrolls of fear
Potions
 d - 12 potions of ambrosia
 e - 34 potions of curing
 h - 4 potions of resistance
 i - 13 potions of heal wounds
 j - 5 potions of mutation
 n - a potion of invisibility
 o - 2 potions of cancellation
 p - 11 potions of lignification
 F - 6 potions of berserk rage
 I - 9 potions of brilliance
 L - 9 potions of haste
 Q - 5 potions of magic
 S - 9 potions of might
Miscellaneous
 m - a lightning rod (4/4)
 B - a tin of tremorstones (2/2)
 H - a phantom mirror
 U - a condenser vane
 V - a box of beasts


   Skills:
 O Level 27 Fighting
 - Level 20.0 Maces & Flails
 - Level 10.0 Crossbows
 + Level 11.9 Throwing
 - Level 22.0 Armour
 - Level 10.0 Dodging
 - Level 25.0 Shields
 - Level 22.0 Invocations
 - Level 10.0 Evocations


You had 26 spell levels left.
You didn't know any spells.
Your spell library contained the following spells:

 Spells                   Type           Power      Damage    Failure   Level
 Animate Skeleton         Necr           0%         N/A       98%         1
 Apportation              Tloc           0%         N/A       98%         1
 Beastly Appendage        Tmut           0%         N/A       98%         1
 Corona                   Hex            0%         N/A       98%         1
 Foxfire                  Conj/Fire      0%         2x1d4     98%         1
 Freeze                   Ice            0%         1d3       98%         1
 Magic Dart               Conj           0%         1d3       98%         1
 Pain                     Necr           0%         1d4       98%         1
 Sandblast                Erth           0%         2d4       98%         1
 Shock                    Conj/Air       0%         1d3       98%         1
 Sting                    Tmut/Pois      0%         1d3       98%         1
 Summon Small Mammal      Summ           0%         N/A       98%         1
 Blink                    Tloc           N/A        N/A       99%         2
 Call Imp                 Summ           0%         N/A       99%         2
 Corpse Rot               Necr/Air       N/A        N/A       99%         2
 Ensorcelled Hibernation  Hex/Ice        0%         N/A       99%         2
 Passwall                 Tmut/Erth      0%         N/A       99%         2
 Poisonous Vapours        Pois/Air       0%         N/A       99%         2
 Searing Ray              Conj           0%         3d3       99%         2
 Slow                     Hex            0%         N/A       99%         2
 Swiftness                Air            0%         N/A       99%         2
 Wereblood                Tmut           0%         N/A       99%         2
 Call Canine Familiar     Summ           0%         N/A       100%        3
 Confusing Touch          Hex            0%         N/A       100%        3
 Conjure Flame            Conj/Fire      0%         6-21      100%        3
 Dazzling Flash           Conj/Hex       0%         N/A       100%        3
 Frozen Ramparts          Ice            0%         1d2       100%        3
 Gell's Gravitas          Tloc           0%         N/A       100%        3
 Ignite Poison            Fire/Tmut/Pois 0%         N/A       100%        3
 Inner Flame              Hex/Fire       0%         N/A       100%        3
 Mephitic Cloud           Conj/Pois/Air  0%         N/A       100%        3
 Ozocubu's Armour         Ice            0%         N/A       100%        3
 Portal Projectile        Hex/Tloc       0%         N/A       100%        3
 Spider Form              Tmut/Pois      0%         N/A       100%        3
 Static Discharge         Conj/Air       0%         N/A       100%        3
 Stone Arrow              Conj/Erth      0%         3d7       100%        3
 Summon Guardian Golem    Hex/Summ       0%         N/A       100%        3
 Vampiric Draining        Necr           0%         2d6       100%        3
 Airstrike                Air            0%         N/A       100%        4
 Animate Armour           Summ/Erth      0%         N/A       100%        4
 Animate Dead             Necr           0%         N/A       100%        4
 Cause Fear               Hex            0%         N/A       100%        4
 Fulminant Prism          Conj/Hex       0%         3d6       100%        4
 Hailstorm                Conj/Ice       0%         3d3       100%        4
 Ice Form                 Ice/Tmut       0%         N/A       100%        4
 Iskenderun's Mystic Bla  Conj/Tloc      0%         2d3       100%        4
 Leda's Liquefaction      Hex/Erth       0%         N/A       100%        4
 Manifold Assault         Tloc           0%         N/A       100%        4
 Olgreb's Toxic Radiance  Pois           0%         N/A       100%        4
 Passage of Golubria      Tloc           N/A        N/A       100%        4
 Petrify                  Tmut/Erth      0%         N/A       100%        4
 Sticky Flame             Conj/Fire      0%         2d3       100%        4
 Summon Ice Beast         Ice/Summ       0%         N/A       100%        4
 Summon Lightning Spire   Summ/Air       0%         N/A       100%        4
 Agony                    Necr           0%         N/A       100%        5
 Alistair's Intoxication  Tmut/Pois      0%         N/A       100%        5
 Blade Hands              Tmut           0%         N/A       100%        5
 Bolt of Magma            Conj/Fire/Erth 0%         4d4       100%        5
 Borgnjor's Vile Clutch   Necr/Erth      0%         N/A       100%        5
 Excruciating Wounds      Necr           0%         N/A       100%        5
 Fireball                 Conj/Fire      0%         3d3       100%        5
 Irradiate                Conj/Tmut      0%         3d14      100%        5
 Iskenderun's Battlesphe  Conj           0%         2d6       100%        5
 Lee's Rapid Deconstruct  Erth           0%         3d5*      100%        5
 Lightning Bolt           Conj/Air       0%         1d11      100%        5
 Metabolic Englaciation   Hex/Ice        0%         N/A       100%        5
 Silence                  Hex/Air        0%         N/A       100%        5
 Summon Forest            Summ/Tloc      0%         N/A       100%        5
 Yara's Violent Unravell  Hex/Tmut       0%         3d3       100%        5
 Conjure Ball Lightning   Conj/Air       0%         3x3d6     100%        6
 Death Channel            Necr           0%         N/A       100%        6
 Dispersal                Tloc           0%         N/A       100%        6
 Eringya's Noxious Bog    Tmut/Pois      0%         N/A       100%        6
 Freezing Cloud           Conj/Ice/Air   0%         6-21      100%        6
 Hydra Form               Tmut           0%         N/A       100%        6
 Invisibility             Hex            0%         N/A       100%        6
 Iron Shot                Conj/Erth      0%         9d1       100%        6
 Simulacrum               Ice/Necr       0%         N/A       100%        6
 Starburst                Conj/Fire      0%         8x6d3     100%        6
 Dragon Form              Tmut           0%         N/A       100%        7
 Malign Gateway           Summ/Tloc      0%         N/A       100%        7
 Orb of Destruction       Conj           0%         N/A       100%        7
 Ozocubu's Refrigeration  Ice            0%         4d5       100%        7
 Spellforged Servitor     Conj/Summ      0%         N/A       100%        7
 Summon Hydra             Summ           0%         N/A       100%        7
 Discord                  Hex            0%         N/A       100%        8
 Disjunction              Tloc           0%         N/A       100%        8
 Ignition                 Fire           0%         3d3       100%        8
 Dragon's Call            Summ           0%         N/A       100%        9
 Shatter                  Erth           0%         3d5*      100%        9
 Tornado                  Air            0%         N/A       100%        9
 Statue Form              Tmut/Erth      Unusable   N/A       N/A         6

Dungeon Overview and Level Annotations

Branches:
Dungeon (15/15)            Temple (1/1) D:6            Lair (6/6) D:10
  Swamp (4/4) Lair:2        Snake (4/4) Lair:4        Slime (5/5) Lair:5
    Orc (2/2) D:9             Elf (3/3) Orc:2        Vaults (5/5) D:14
  Crypt (0/3) Vaults:3     Depths (5/5) D:15            Zot (5/5) Depths:5
Volcano (visited)

Altars:
Ashenzari
Cheibriados
Dithmenos
Elyvilon
Fedhas
Gozag
Hepliaklqana
Kikubaaqudgha
Makhleb
Nemelex Xobeh
Okawaru
Qazlal
Ru
Sif Muna
Trog
Uskayaw
Vehumet
Wu Jian
Xom
Yredelemnul
Zin
The Shining One
Beogh

Shops:
D:5 [   D:6 (   D:7 ::(?   D:11 ![   D:13 [   Orc:2 :!=?   Elf:3 (
Snake:2 [[(!   Snake:3 :==   Vaults:1 :[!!   Vaults:2 :   Vaults:3 =
Vaults:4 !

Portals:
Hell: Depths:1 Depths:2 Depths:3 Depths:4 Depths:5
Abyss: Depths:3 Depths:4
Pandemonium: Depths:3 Depths:4
Ziggurat: Depths:5

Annotations:
D:11 exclusion: ice statue
Zot:3 2 transporters, Roxtikhle's ghost, legendary OgGl
Zot:4 3 runed translucent doors, Boamp's ghost, legendary OpVM; Gikacato's ghost, master TrAr; Jimaaf's ghost, adept DDFi; Tommur's ghost, adept MiFi


Innate Abilities, Weirdness & Mutations

Your stone body is resilient. (AC +20)
You are immune to poison.
Your large and strong wings let you fly indefinitely.
You resist negative energy. (rN+)
You are resistant to electric shocks. (rElec)
You are resistant to unholy torment.
You can survive without breathing.
You are immune to petrification.
You are partially covered in iridescent scales. (AC +2)
You can translocate small distances at will.
You are dopey. (Int -2)
Your flesh is heat resistant. (rF+)
Your magical capacity is low. (-10% MP)
You are strong-willed. (Will+)
You are somewhat resistant to further mutation.


Message History

You beat the smoke demon like a drum!!!
You kill the smoke demon!
Qazlal accepts your kill.
No target in view!
You fly upwards.
There is a stone staircase leading down here.
There is an open door here.
There is a stone staircase leading up here.
You fly upwards.
There is a stone staircase leading down here.
There is a stone staircase leading up here.
You fly upwards.
There is a stone staircase leading down here.
There is a stone staircase leading up here.
You fly upwards.
There is a stone staircase leading down here.
(D) Dungeon (T) Temple (L) Lair (S) Swamp (P) Snake Pit (M) Slime Pits (O) Orcish Mines (E) Elven Halls (V) Vaults (C) Crypt (U) Depths (H) Hell (Z) Zot
Where to? (Enter - D:2 @ (x,y), ? - help)
What level of the Dungeon? (default 1, ? - help)
An Orb Guardian comes into view.
There is an open door here.
The Orb Guardian is engulfed in freezing vapours.
You block the Orb Guardian's attack. x2
The Orb Guardian is engulfed in freezing vapours.
You block the Orb Guardian's attack.
The Orb Guardian is engulfed in freezing vapours.
You block the Orb Guardian's attack.
There is a staircase leading out of the dungeon here.
You impale the Orb Guardian!! You burn the Orb Guardian!
The Orb Guardian is severely wounded.
The Orb Guardian is engulfed in freezing vapours.
You block the Orb Guardian's attack.
You impale the Orb Guardian!! You burn the Orb Guardian.
You kill the Orb Guardian!
Qazlal accepts your kill.
No target in view!
You have escaped!

#.# #.# #.....# #.# #.#
#.###.###.# #####.### #.# #.##..#
#.# #.......# #.# #####'######
#........
#######.####....[....####........
...........#.........#...........
.#########.#..⌠§.§⌠..#.##....)...
†.## #.#..§..○...#.##........
...# #.'..§.@....'.##........
..## ###..○°.....########.##. .##
#..°§☼.⌠..# #.##. ## #...).....#
#####.### # #.........# #........
###############'##### #.###.##.
#.........# #.# #.# #.##.
#.#######.# #.# #.###.##.
##.##......# #.# #........


There were no monsters in sight!

Vanquished Creatures
  the Royal Jelly (Slime:5)
  7 ancient liches
  A dread lich (Zot:5)
  5 orbs of fire
  4 juggernauts
  Frederick (Vaults:2)
  Bai Suzhen (Snake:3)
  A curse toe (Zot:4)
  4 Killer Klowns
  Vashnia (Snake:3)
  The ghost of Anon1729 the Stormcaller, a veteran DgAE (Vaults:4)
  7 caustic shrikes
  Nikola (Swamp:3)
  13 golden dragons
  3 bone dragons
  2 Brimstone Fiends
  5 electric golems
  17 tentacled monstrosities
  26 Orb Guardians
  2 Ice Fiends (Zot:5)
  8 liches
  2 deep elf blademasters (Elf:3)
  2 deep elf master archers (Elf:2)
  4 titans
  9 quicksilver dragons
  17 acid blobs
  2 thorn hunters
  2 tentacled starspawn (Abyss:2)
  6 sphinxes
  8 death cobs
  9 tengu reavers
  2 draconian monks
  13 shadow dragons
  12 rockslimes
  15 storm dragons
  12 fire giants
  9 nagarajas
  5 azure jellies
  Roxanne (Swamp:3)
  12 frost giants
  5 deep elf sorcerers
  4 draconian knights
  3 draconian scorchers
  2 balrugs
  17 vault wardens
  5 ghost moths
  2 orc warlords
  4 iron dragons
  Louise (Swamp:1)
  8 ghouls
  2 spriggan defenders (Depths:3)
  4 war gargoyles
  2 deep elf elementalists (Elf:3)
  Aizul (Snake:4)
  The ghost of bmj180 the Geomancer, a journeyman GrEE of Vehumet (D:14)
  4 draconian stormcallers
  5 draconian shifters
  10 ironbound preservers
  15 quicksilver oozes
  20 stone giants
  3 draconian annihilators
  A juggernaut skeleton (Elf:2)
  5 vampire knights
  12 very ugly things
  A green draconian (shapeshifter) (Depths:3)
  12 yellow draconians
  12 deep elf demonologists
  An entropy weaver (Vaults:2)
  7 black draconians
  An entropy weaver (shapeshifter) (Vaults:5)
  10 white draconians
  11 red draconians
  A spectral titan (Vaults:4)
  5 green draconians
  9 deep elf annihilators
  A minotaur (D:14)
  3 dire elephants
  5 bunyips
  4 eleionomae
  12 spark wasps
  An eidolon (Elf:2)
  12 purple draconians
  2 blizzard demons
  22 ettins
  A merfolk javelineer (Depths:2)
  5 deep elf death magi
  A great orb of eyes (shapeshifter) (Depths:3)
  Fannar (Orc:1)
  13 yaktaur captains
  14 great orbs of eyes
  9 deep elf high priests
  4 ironbound thunderhulks
  2 spectral tengu (Vaults:4)
  8 naga warriors
  30 vault guards
  15 fire dragons
  8 rakshasas
  11 ice dragons
  A spectral shadow dragon (Vaults:4)
  20 hydras
  22 anacondas
  4 ghost crabs
  An ogre mage (Volcano)
  4 spriggan air magi
  5 boulder beetles
  A death knight (D:13)
  A hell beast (D:5)
  A peacekeeper (Vaults:3)
  10 ironbound frosthearts
  10 two-headed ogres
  2 spectral stone giants (Vaults:4)
  5 alligators
  11 centaur warriors
  26 dancing weapons
  17 tengu warriors
  A spectral human (Vaults:4)
  8 deep troll shamans
  17 spriggan berserkers
  5 death yaks (Lair:2)
  A vampire mage (D:15)
  3 thrashing horrors (Abyss:2)
  8 deep troll earth magi
  26 naga sharpshooters
  Sonja (Lair:6)
  4 sun demons
  6 ironbound beastmasters
  5 orc high priests (Orc:2)
  5 hell knights
  8 shock serpents
  3 soul eaters
  22 deep elf knights
  A fire crab (Elf:2)
  A wretched star (Abyss:2)
  5 salamander mystics
  6 iron trolls
  4 shadow wraiths (Depths:2)
  17 skeletal warriors
  3 sea snakes (Snake:1)
  2 quicksilver dragon simulacra (Depths:4)
  26 deep trolls
  A death drake (Elf:2)
  5 unseen horrors
  5 glowing orange brains
  7 naga ritualists
  A golden dragon skeleton (Elf:2)
  4 goliath frogs
  4 spriggan druids
  A deep troll (shapeshifter) (Vaults:5)
  5 bog bodies
  7 flayed ghosts
  11 lindwurms
  2 obsidian statues (Zot:5)
  13 wizards
  8 starcursed masses (Abyss:2)
  16 deep elf archers
  17 swamp dragons
  20 ironbound convokers
  6 phantasmal warriors
  8 orc knights
  2 tengu skeletons (Vaults:3)
  A harpy (Vaults:1)
  9 necromancers
  25 deep elf zephyrmancers
  Pikel (D:6)
  A mana viper (shapeshifter) (Depths:3)
  10 mana vipers
  2 oklob plants (Lair:1)
  38 deep elf pyromancers
  29 ugly things
  A wolf spider (Elf:2)
  9 orc sorcerers
  A sphinx skeleton (Elf:2)
  A cyclops (shapeshifter) (Elf:3)
  4 shining eyes
  A worldbinder (Abyss:2)
  A fire giant zombie (D:15)
  3 will-o-the-wisps
  A frost giant skeleton (Vaults:3)
  10 rust devils
  5 cyclopes
  5 centaur zombies
  4 guardian serpents
  20 salamanders
  2 moths of wrath (shapeshifter)
  21 moths of wrath
  A manticore (D:11)
  43 black mambas
  A toenail golem (Depths:5)
  2 stone giant skeletons (Vaults:3)
  An ice statue (Depths:4)
  Joseph (D:8)
  23 naga magi
  3 eyes of devastation
  2 molten gargoyles (Elf:2)
  5 smoke demons
  3 orange demons (Abyss:2)
  Maggie (Lair:1)
  2 gargoyles
  5 torpor snails (Lair:6)
  25 vault sentinels
  9 large abominations (Abyss:2)
  A cane toad (shapeshifter) (Vaults:5)
  A storm dragon simulacrum (Vaults:4)
  14 cane toads
  3 rime drakes
  6 komodo dragons
  An ice devil (Depths:3)
  Psyche (D:8)
  2 efreet
  4 freezing wraiths
  20 yaktaurs
  The ghost of semitonal the Ogre Mage, an amateur OgWz (D:4)
  9 tengu conjurers
  A polar bear (Lair:6)
  3 meliai
  10 trolls
  6 red devils
  A yaktaur skeleton (Vaults:3)
  A queen bee (D:13)
  11 tyrant leeches
  A tengu simulacrum (Elf:2)
  A harpy skeleton (Abyss:2)
  19 hornets
  Prince Ribbit (D:8)
  8 blink frogs
  146 slime creatures
  2 raiju (Abyss:2)
  A fire dragon zombie (D:15)
  8 dream sheep (Lair:6)
  A stone giant simulacrum (Vaults:4)
  2 iron dragon simulacra
  An ice dragon zombie (D:15)
  Sigmund (D:1)
  5 redbacks
  5 shadows
  11 spriggans
  3 flying skulls
  2 vampires
  4 air elementals
  6 wraiths
  2 ynoxinuls (Abyss:2)
  10 water elementals
  2 wyverns
  64 yaks
  2 deep troll skeletons
  7 fire bats (Volcano)
  4 golden eyes
  2 neqoxecs (Abyss:2)
  5 fire elementals
  3 basilisks
  A chaos spawn (Abyss:2)
  A hog (shapeshifter) (D:14)
  A hog (Elf:2)
  A steam dragon (shapeshifter) (Elf:2)
  7 vampire mosquitoes
  Menkaure (D:4)
  3 steam dragons
  A warg (Orc:2)
  An elf skeleton (Vaults:3)
  46 nagas
  13 swamp worms
  2 hell hounds (Depths:4)
  2 soldier ants (D:13)
  12 water moccasins
  7 swamp drakes
  A floating eye (shapeshifter) (Depths:3)
  4 floating eyes
  16 ogres
  45 orc warriors
  An elf simulacrum (Vaults:4)
  6 ice beasts
  4 sky beasts
  8 necrophages
  A boggart (shapeshifter) (Depths:3)
  A boggart (Vaults:1)
  4 ettin simulacra
  7 wolves
  6 centaurs
  6 human skeletons (Vaults:3)
  3 phantoms
  Blork the orc (D:4)
  A kobold brigand (D:7)
  16 bullfrogs
  2 gnoll sergeants
  6 small abominations
  A wyvern zombie (D:9)
  A glowing shapeshifter simulacrum (Elf:2)
  3 earth elementals
  A wyvern skeleton (D:13)
  A water moccasin skeleton (D:9)
  6 scorpions
  28 killer bees
  A troll skeleton (D:10)
  5 spriggan skeletons (D:10)
  7 electric eels
  A vampire bat (Elf:2)
  9 howler monkeys
  7 lava snakes
  3 bullfrog zombies
  2 quasits
  9 hounds
  43 orc priests
  3 bullfrog skeletons
  7 jellies
  2 centaur skeletons
  Jessica (D:2)
  3 iguanas
  Natasha (thrice) (D:4)
  18 orc wizards
  3 worker ants
  3 polar bear simulacra (Lair:5)
  5 yak simulacra (Lair:5)
  A wolf simulacrum (Lair:5)
  6 ogre zombies (D:9)
  A hound zombie (D:4)
  2 hound skeletons
  3 howler monkey zombies
  2 howler monkey skeletons
  2 worker ant zombies
  50 gnolls
  16 adders
  A shadow imp (D:5)
  5 white imps
  4 ufetubi
  An ooze (D:2)
  An adder zombie (D:9)
  An adder skeleton (D:4)
  7 dart slugs
  8 leopard geckos
  102 orcs
  6 ball pythons
  9 bats
  11 giant cockroaches
  10 goblins
  10 hobgoblins
  18 jackals
  7 quokkas
  5 frilled lizards
  3 goblin skeletons (D:9)
  A goblin zombie (D:9)
  2 hobgoblin skeletons (D:9)
  2 hobgoblin zombies (D:9)
  6 kobolds
  2 orc skeletons (D:9)
  9 orc zombies (D:9)
  8 rats
  2 river rat simulacra (Lair:5)
  2 ball lightnings (Vaults:4)
  2 briar patches (Swamp:2)
  A lurking horror (Abyss:2)
2615 creatures vanquished.

Vanquished Creatures (collateral kills)
  Mennas (Depths:3)
  2 Orb Guardians (Zot:5)
  A deep elf sorcerer (Depths:3)
  A deep elf annihilator (Elf:3)
  A dream sheep (Lair:6)
  A wolf (Lair:6)
7 creatures vanquished.

Vanquished Creatures (others)
  A draconian knight (Depths:5)
  A deep elf elementalist (Elf:3)
  A tengu warrior (Depths:4)
  2 deep elf knights (Elf:2)
  A deep elf zephyrmancer (Elf:3)
  A deep elf archer (Elf:2)
  A shadow dragon simulacrum (Vaults:4)
  2 bloated husks
  2 hornets
  A slime creature (Vaults:1)
  A blink frog (Lair:1)
  2 spriggans
  A sky beast (D:8)
  2 ettin simulacra (Depths:4)
  An orc wizard (D:10)
  2 gnolls (D:8)
  3 orcs
  A jackal (D:8)
  5 ball lightnings (Vaults:4)
  37 foxfires
  20 fungi
  A lurking horror (Abyss:2)
  5 pillars of salt (Vaults:1)
  50 plants
  9 starspawn tentacles (Abyss:2)
  2 withered plants (D:15)
155 creatures vanquished.

Grand Total: 2777 creatures vanquished

Notes
Turn   | Place    | Note
-------+----------+-------------------------------------------
     0 | D:1      | sammydre the Gargoyle Fighter began the quest for the Orb.
     0 | D:1      | Reached XP level 1. HP: 14/14 MP: 1/1
    75 | D:1      | Reached XP level 2. HP: 19/19 MP: 2/2
   447 | D:1      | Reached XP level 3. HP: 23/23 MP: 3/3
  1145 | D:2      | Reached XP level 4. HP: 28/29 MP: 4/4
  1154 | D:2      | Noticed Sigmund
  1269 | D:1      | Killed Sigmund
  1270 | D:1      | Reached skill level 4 in Fighting
  1270 | D:1      | Reached XP level 5. HP: 28/33 MP: 3/5
  1270 | D:1      | Reached XP level 6. HP: 32/38 MP: 3/6
  1372 | D:2      | Noticed Jessica
  1387 | D:2      | Killed Jessica
  1858 | D:2      | Found a shimmering blue altar of Sif Muna.
  2686 | D:4      | Noticed Natasha
  2695 | D:4      | Killed Natasha
  2809 | D:4      | Noticed Blork the orc
  2816 | D:4      | Killed Blork the orc
  2925 | D:4      | Found a runed translucent gate.
  2925 | D:4      | Found a runed translucent gate.
  2925 | D:4      | Found a runed translucent gate.
  2929 | D:4      | Noticed semitonal's ghost (amateur OgWz)
  2992 | D:4      | Noticed Natasha
  3005 | D:4      | Killed Natasha
  3006 | D:4      | Reached XP level 7. HP: 38/44 MP: 7/7
  3068 | D:4      | Noticed Menkaure
  3086 | D:4      | Killed Menkaure
  3087 | D:4      | Reached skill level 5 in Maces & Flails
  3087 | D:4      | Reached skill level 5 in Armour
  3087 | D:4      | Reached skill level 5 in Shields
  3291 | D:4      | Reached skill level 5 in Fighting
  3384 | D:4      | Noticed Natasha
  3397 | D:4      | Killed Natasha
  3995 | D:5      | Entered Level 5 of the Dungeon
  4288 | D:4      | Reached XP level 8. HP: 17/50 MP: 2/8
  4889 | D:5      | Found a hide-covered altar of Uskayaw.
  5138 | D:5      | Found Mabinut's Armour Boutique.
  5461 | D:5      | Reached skill level 6 in Fighting
  5767 | D:5      | Reached XP level 9. HP: 56/56 MP: 9/9
  6421 | D:6      | Noticed Pikel
  6593 | D:6      | Reached skill level 7 in Fighting
  6659 | D:6      | Killed Pikel
  6694 | D:6      | Found Zymez's Weapon Emporium.
  6702 | D:6      | Bought a +1 morningstar of draining for 156 gold pieces
  6789 | D:6      | Found a staircase to the Ecumenical Temple.
  6804 | Temple   | Entered the Ecumenical Temple
  6836 | Temple   | Became a worshipper of Qazlal Stormbringer
  7072 | D:6      | Reached XP level 10. HP: 52/63 MP: 10/10
  7565 | D:7      | Found Faps's Book Shoppe.
  7592 | D:7      | Found Kigh's Weapon Boutique.
  7642 | D:7      | Found Diury's Magic Scroll Shoppe.
  7650 | D:7      | Bought a scroll of enchant weapon for 97 gold pieces
  7657 | D:7      | Reached skill level 1 in Invocations
  7856 | D:7      | Found Cejo Deck's Book Emporium.
  8290 | D:8      | Reached * piety under Qazlal
  8544 | D:8      | Noticed Psyche
  8555 | D:8      | Noticed Joseph
  8568 | D:8      | Killed Joseph
  8569 | D:8      | Reached skill level 8 in Fighting
  8579 | D:8      | Killed Psyche
  8997 | D:8      | Noticed Prince Ribbit
  9002 | D:8      | Killed Prince Ribbit
  9075 | D:8      | Reached skill level 10 in Maces & Flails
  9092 | D:8      | Reached ** piety under Qazlal
  9389 | D:9      | Found a sparkling altar of Nemelex Xobeh.
  9458 | D:9      | Found a staircase to the Orcish Mines.
  9592 | D:9      | Reached XP level 11. HP: 64/69 MP: 11/13
  9614 | D:9      | Reached *** piety under Qazlal
  9895 | D:9      | Found a broken altar of Ashenzari.
  9898 | D:9      | Found an ornate altar of the Wu Jian Council.
  9902 | D:9      | Found an ancient bone altar of Kikubaaqudgha.
 10137 | D:9      | Identified the +0 robe of Parlour Games {rPois Dex+3}
 10316 | D:10     | Entered Level 10 of the Dungeon
 11047 | D:10     | Reached skill level 9 in Fighting
 11060 | D:10     | Reached **** piety under Qazlal
 11285 | D:10     | Found a staircase to the Lair.
 11883 | D:11     | Found Feycsy's Antique Armour Shop.
 11900 | D:11     | Reached skill level 5 in Invocations
 12038 | D:11     | Found Nicaric's General Store.
 12112 | D:11     | Reached ***** piety under Qazlal
 12116 | D:11     | Noticed a cyclops
 12142 | D:11     | Killed a cyclops
 12143 | D:11     | Reached XP level 12. HP: 51/76 MP: 10/16
 12779 | D:11     | Found Duherara's Distillery.
 12787 | D:11     | Bought 3 potions of heal wounds for 225 gold pieces
 13220 | D:11     | Reached skill level 10 in Shields
 13240 | D:11     | Reached skill level 10 in Fighting
 13242 | D:11     | Reached skill level 10 in Armour
 13866 | Lair:1   | Entered Level 1 of the Lair of Beasts
 13866 | Lair:1   | Noticed Maggie
 13871 | Lair:1   | Killed Maggie
 14496 | Lair:1   | Reached skill level 1 in Evocations
 15035 | Lair:2   | Noticed a five-headed hydra
 15036 | Lair:2   | Noticed a four-headed hydra
 15041 | Lair:2   | Killed a four-headed hydra
 15042 | Lair:2   | Reached XP level 13. HP: 83/83 MP: 18/18
 15505 | Lair:2   | Found a staircase to the Swamp.
 16250 | Lair:3   | Reached skill level 11 in Fighting
 16943 | Lair:4   | Found a staircase to the Snake Pit.
 18147 | Lair:5   | Found a staircase to the Slime Pits.
 18231 | Lair:5   | Gained mutation: Your large and strong wings let you fly
                  | indefinitely. [Gargoyle growth]
 18231 | Lair:5   | Reached XP level 14. HP: 90/90 MP: 20/20
 18642 | Lair:6   | Entered Level 6 of the Lair of Beasts
 18845 | Lair:6   | Identified the +1 cloak of the Saviour {*Corrode rF+++
                  | Str-4 Dex+4}
 18877 | Lair:6   | Noticed Sonja
 18968 | Lair:6   | Found a dark tunnel.
 18985 | Volcano  | Entered a volcano
 19384 | Volcano  | Noticed a red draconian
 19391 | Volcano  | Reached ****** piety under Qazlal
 19403 | Volcano  | Killed a red draconian
 19492 | Volcano  | Found a burning altar of Makhleb.
 19517 | Volcano  | Found a radiant altar of Vehumet.
 19612 | Lair:6   | Killed Sonja
 20084 | Lair:6   | Found a runed translucent door.
 20112 | Lair:6   | Reached skill level 12 in Fighting
 21499 | D:12     | Reached XP level 15. HP: 84/96 MP: 17/22
 21609 | D:13     | Found Jouneiv's Armour Emporium.
 21790 | D:13     | Reached skill level 15 in Maces & Flails
 21845 | D:13     | Found a sacrificial altar of Ru.
 21958 | D:13     | Reached skill level 10 in Invocations
 22924 | D:14     | Found a runed translucent gate.
 22924 | D:14     | Found a runed translucent gate.
 22924 | D:14     | Found a runed translucent gate.
 23318 | D:14     | Noticed bmj180's ghost (journeyman GrEE)
 23324 | D:14     | Identified the ring "Oclap" {*Drain rF+ Int+3 SInv}
 23505 | D:14     | Found a gate to the Vaults.
 23862 | D:15     | Entered Level 15 of the Dungeon
 24185 | D:15     | Found a staircase to the Depths.
 24350 | D:15     | Reached skill level 13 in Fighting
 24350 | D:15     | Reached XP level 16. HP: 96/104 MP: 21/24
 24417 | D:15     | Found an ornate altar of the Wu Jian Council.
 24907 | D:4      | Killed semitonal's ghost
 24921 | D:4      | Identified the +1 leather armour "Leuzxun" {Str+5 Slay+4}
 25149 | Swamp:1  | Entered Level 1 of the Swamp
 25373 | Swamp:1  | Noticed Louise
 25376 | Swamp:1  | Cast into level 2 of the Abyss (Louise)
 25419 | Swamp:1  | Escaped the Abyss
 25459 | Swamp:1  | Killed Louise
 26348 | Swamp:2  | Noticed a thorn hunter
 26377 | Swamp:2  | Killed a thorn hunter
 26892 | Swamp:2  | Found a shimmering blue altar of Sif Muna.
 28159 | Swamp:2  | Reached skill level 14 in Fighting
 28236 | Swamp:3  | Noticed Nikola
 28287 | Swamp:3  | Killed Nikola
 28431 | Swamp:3  | Reached XP level 17. HP: 92/111 MP: 21/26
 28499 | Swamp:3  | Identified Roxanne's Catalogue of Transmigration
 28499 | Swamp:3  | Noticed Roxanne
 28881 | Swamp:3  | Killed Roxanne
 28921 | Swamp:4  | Entered Level 4 of the Swamp
 28924 | Swamp:4  | Noticed a tentacled monstrosity
 29041 | Swamp:4  | Killed a tentacled monstrosity
 30884 | Swamp:4  | Got a decaying rune of Zot
 31261 | Orc:1    | Entered Level 1 of the Orcish Mines
 31568 | Orc:2    | Entered Level 2 of the Orcish Mines
 31869 | Orc:1    | Noticed Fannar
 31885 | Orc:1    | Killed Fannar
 32124 | Orc:2    | Reached skill level 15 in Fighting
 32124 | Orc:2    | Reached skill level 15 in Shields
 32136 | Orc:2    | Reached skill level 15 in Armour
 32350 | Orc:2    | Found Yroiwni's Magic Scroll Boutique.
 32462 | Orc:2    | Found Kadeacum's Jewellery Shop.
 32469 | Orc:2    | Bought the ring "Jiozuw" {rC+ rCorr} for 442 gold pieces
 32754 | Orc:2    | Found a staircase to the Elven Halls.
 33294 | Orc:2    | Found Raol's Book Shop.
 33570 | Orc:2    | Found Atynod's Distillery.
 33583 | Orc:2    | Reached XP level 18. HP: 99/119 MP: 22/28
 33601 | Orc:2    | Bought a potion of heal wounds for 70 gold pieces
 33601 | Orc:2    | Bought a potion of heal wounds for 70 gold pieces
 33601 | Orc:2    | Bought a potion of curing for 42 gold pieces
 34121 | D:11     | Bought a pair of glowing boots for 202 gold pieces
 34274 | Snake:1  | Entered Level 1 of the Snake Pit
 35978 | Snake:2  | Found Wagepen's Antique Armour Shop.
 36004 | Snake:2  | Found Zuhipp's Antique Weapon Boutique.
 36004 | Snake:2  | Found Toecips's Armour Shop.
 36008 | Snake:2  | Found Peph's Distillery.
 36020 | Snake:2  | Bought a potion of heal wounds for 60 gold pieces
 36020 | Snake:2  | Bought a potion of heal wounds for 60 gold pieces
 36034 | Snake:2  | Bought a glimmering plate armour for 840 gold pieces
 36034 | Snake:2  | Identified the +0 plate armour of the Crypt {Rampage rElec
                  | rPois} (You bought it in a shop on level 2 of the Snake
                  | Pit)
 36607 | Snake:3  | Reached skill level 16 in Fighting
 37054 | Snake:3  | Noticed Vashnia
 37125 | Snake:3  | Killed Vashnia
 37323 | Snake:3  | Reached skill level 15 in Invocations
 37377 | Snake:3  | Found a runed translucent gate.
 37378 | Snake:3  | Found a runed translucent gate.
 37378 | Snake:3  | Found a runed translucent gate.
 37514 | Snake:3  | Noticed Bai Suzhen
 37569 | Snake:3  | Killed Bai Suzhen
 37619 | Snake:3  | Found Exoehy's Book Emporium.
 37619 | Snake:3  | Found Ygofev's Jewellery Boutique.
 37620 | Snake:3  | Found Miosoom's Jewellery Boutique.
 37634 | Snake:3  | Bought the ring of Vomnuixi {Will+ Dex+2} for 579 gold
                  | pieces
 37971 | Snake:4  | Entered Level 4 of the Snake Pit
 38076 | Snake:3  | Reached skill level 1 in Crossbows
 38076 | Snake:3  | Reached XP level 19. HP: 122/127 MP: 28/30
 38155 | Snake:4  | Noticed Aizul
 38171 | Snake:4  | Killed Aizul
 38210 | Snake:4  | Found a hide-covered altar of Uskayaw.
 38910 | Snake:4  | Reached skill level 17 in Fighting
 39445 | Snake:4  | Reached skill level 5 in Crossbows
 39480 | Snake:4  | Got a serpentine rune of Zot
 40031 | Lair:1   | Upgraded the game from 0.27-a0-631-g2d681adce0 to
                  | 0.27-a0-637-g3a9f0a9c12
 40176 | Elf:1    | Entered Level 1 of the Elven Halls
 41744 | Elf:2    | Noticed a Hell Sentinel
 41745 | Elf:2    | Noticed a Brimstone Fiend
 41864 | Elf:2    | Reached XP level 20. HP: 129/134 MP: 32/32
 42043 | Elf:2    | Identified the Disquisition on Shape Shifting
 42086 | Elf:2    | Identified the +0 robe of the Other Side {Will+ Int+3}
 42117 | Elf:2    | Found a runed translucent gate.
 42117 | Elf:2    | Found a runed translucent gate.
 42123 | Elf:2    | Found a runed translucent gate.
 42318 | Elf:2    | Noticed a bone dragon
 42358 | Elf:2    | Killed a bone dragon
 42449 | Elf:2    | Identified the Papyrus of Black Magic
 42569 | Elf:2    | Identified the Incunabulum of Malediction
 42705 | Elf:2    | Identified the Almanac of Poison
 42821 | Elf:2    | Identified Idaijux's Reference Book on Fire
 42988 | Elf:2    | Reached skill level 1 in Dodging
 42994 | Elf:2    | Reached skill level 18 in Fighting
 43908 | Elf:3    | Entered Level 3 of the Elven Halls
 43945 | Elf:3    | Identified the ring of Ifeit {Str+6 Dex+5}
 44011 | Elf:3    | Found Gogeanargh's Antique Weapon Boutique.
 45050 | Elf:3    | Identified the Incunabulum of Attacks
 45415 | Elf:3    | Reached XP level 21. HP: 130/142 MP: 33/33
 46253 | Elf:2    | Cast into level 2 of the Abyss (a deep elf demonologist)
 46519 | Abyss:2  | Found a shimmering altar of Xom.
 46519 | Abyss:2  | Found a shimmering altar of Xom.
 46628 | Abyss:2  | Found a snail-covered altar of Cheibriados.
 46809 | Elf:2    | Escaped the Abyss
 46831 | Elf:2    | Gained mutation: You are robust. (+10% HP) [potion of
                  | mutation]
 46832 | Elf:2    | Lost mutation: You are robust. (+10% HP) [potion of
                  | mutation]
 46832 | Elf:2    | Gained mutation: You are agile. (Dex +2) [potion of
                  | mutation]
 46833 | Elf:2    | Lost mutation: You are agile. (Dex +2) [potion of mutation]
 46833 | Elf:2    | Gained mutation: Potions are less effective at restoring
                  | your health. [potion of mutation]
 46833 | Elf:2    | Gained mutation: You are agile. (Dex +2) [potion of
                  | mutation]
 46965 | Elf:2    | Reached skill level 5 in Dodging
 47161 | Elf:2    | Lost mutation: You are agile. (Dex +2) [potion of mutation]
 47161 | Elf:2    | Lost mutation: Potions are less effective at restoring your
                  | health. [potion of mutation]
 47161 | Elf:2    | Gained mutation: You can translocate small distances at
                  | will. [potion of mutation]
 47161 | Elf:2    | Gained mutation: You are partially covered in iridescent
                  | scales. (AC +2) [potion of mutation]
 47161 | Elf:2    | Gained mutation: Your flesh is heat resistant. (rF+)
                  | [potion of mutation]
 47161 | Elf:2    | Gained mutation: Your flesh is cold resistant. (rC+)
                  | [potion of mutation]
 47686 | Elf:3    | Identified the +8 war axe "Wezuuqafe" {pain, Dex+7}
 47687 | Elf:3    | Identified the +11 dagger of Reapportionment {holy, SInv}
 47692 | Elf:3    | Identified the +6 war axe "Dommidaa" {vorpal, rC+ rN+
                  | Dex+3}
 47697 | Elf:3    | Identified the +3 shortbow of the Desert {venom, *Corrode
                  | rF- Will++ Str+9}
 47714 | Elf:3    | Identified the Incunabulum of the True Pharaoh
 47717 | Elf:3    | Identified the +6 falchion of Subjectivity {vorpal, rC-
                  | Will+ Dex+7}
 47720 | Elf:3    | Identified the +0 double sword of Doom {pain, Int+4}
 47747 | Elf:3    | Identified the +1 helmet "Noxag" {Str+3 Dex+4}
 47761 | Elf:3    | Identified the +5 short sword "Ycaxiqim" {vorpal, rC+}
 48911 | Vaults:1 | Entered Level 1 of the Vaults
 48998 | Vaults:1 | Reached skill level 19 in Fighting
 49343 | Vaults:1 | Found Yproemel's Distillery.
 49351 | Vaults:1 | Bought a potion of heal wounds for 75 gold pieces
 49351 | Vaults:1 | Bought a potion of heal wounds for 75 gold pieces
 49351 | Vaults:1 | Bought a potion of heal wounds for 75 gold pieces
 49608 | Vaults:1 | Found Zeciuwyani's Book Shoppe.
 49675 | Vaults:1 | Found Siezxeti's Armour Shop.
 49851 | Vaults:1 | Found Edueh's Distillery.
 49867 | Vaults:1 | Bought a potion of heal wounds for 90 gold pieces
 49867 | Vaults:1 | Bought a potion of heal wounds for 90 gold pieces
 49867 | Vaults:1 | Bought a potion of heal wounds for 90 gold pieces
 50516 | Vaults:2 | Noticed Frederick
 50531 | Vaults:2 | Killed Frederick
 50810 | Vaults:2 | Reached XP level 22. HP: 150/150 MP: 35/35
 51717 | Vaults:2 | Identified the +0 pair of boots of the Lost Path {Harm}
 51765 | Vaults:2 | Reached skill level 20 in Fighting
 52025 | Vaults:2 | Found Veiwuh's Book Shop.
 53043 | Vaults:3 | Found Waur's Jewellery Shoppe.
 54296 | Vaults:3 | Found a staircase to the Crypt.
 54758 | Vaults:4 | Reached skill level 21 in Fighting
 55305 | Vaults:4 | Found Gasymyt's Distillery.
 55310 | Vaults:4 | Reached XP level 23. HP: 160/160 MP: 36/36
 55505 | Vaults:4 | Found a runed translucent gate.
 55505 | Vaults:4 | Found a runed translucent gate.
 55506 | Vaults:4 | Found a runed translucent gate.
 55506 | Vaults:4 | Noticed Anon1729's ghost (veteran DgAE)
 55543 | Vaults:4 | Killed Anon1729's ghost
 55699 | Vaults:4 | Identified the +2 helmet of Pathos {rCorr}
 56261 | Lair:1   | Upgraded the game from 0.27-a0-637-g3a9f0a9c12 to
                  | 0.27-a0-650-g8dd3ea4f36
 56367 | Depths:1 | Entered Level 1 of the Depths
 56613 | Depths:1 | Reached skill level 22 in Fighting
 57071 | Depths:1 | Noticed a caustic shrike
 57073 | Depths:1 | Noticed a juggernaut
 57130 | D:15     | Killed a caustic shrike
 57334 | D:15     | Killed a juggernaut
 57620 | Depths:1 | Identified the Almanac of Intoxication
 57665 | Depths:1 | You are sucked into a shaft and drop 1 floor!
 57873 | Depths:1 | Found a gateway to Hell.
 59218 | Depths:2 | Identified the +5 glaive of Tielem {vamp, rElec rN+ Will+
                  | Dex+2}
 59599 | Depths:3 | Found a runed translucent door.
 59751 | Depths:3 | Found a runed translucent door.
 59751 | Depths:3 | Found a runed translucent door.
 59853 | Depths:3 | Noticed a juggernaut
 59865 | Depths:3 | Killed a juggernaut
 59866 | Depths:3 | Reached skill level 23 in Fighting
 59888 | Depths:3 | Paralysed by a floating eye for 2 turns
 59894 | Depths:3 | Noticed a caustic shrike
 59904 | Depths:3 | Reached XP level 24. HP: 159/171 MP: 24/37
 59913 | Depths:3 | Killed a caustic shrike
 60091 | Depths:3 | Noticed a juggernaut
 60106 | Depths:3 | Killed a juggernaut
 60237 | Depths:3 | Reached skill level 5 in Evocations
 60585 | Depths:3 | Found a one-way gate to the infinite horrors of the Abyss.
 60601 | Depths:3 | Noticed a juggernaut
 60632 | Depths:3 | Killed a juggernaut
 61010 | Depths:3 | Identified the +8 fustibalus "Cabolon" {flame, *Corrode
                  | rC+++ Int+4}
 61024 | Depths:3 | Identified the Grimoire of the Earthen Birds
 61046 | Depths:3 | Identified the Grimoire of Arcane Weapons and Air
 61704 | Depths:3 | Paralysed by a floating eye for 3 turns
 61768 | Depths:3 | Noticed Mennas
 61807 | Depths:3 | Killed Mennas
 61821 | Depths:3 | Reached skill level 24 in Fighting
 61905 | Depths:3 | Reached XP level 25. HP: 126/178 MP: 24/37
 62038 | Depths:3 | Found a blossoming altar of Fedhas.
 62155 | Depths:3 | Identified the ring of Weorghat {MP-9 Dex+4 SInv}
 62157 | Depths:3 | Identified the +7 morningstar "Honinod" {venom, rF+++ Int-2
                  | SInv}
 62164 | Depths:3 | Identified the +6 scale mail of Ilolili {Str+3 Dex+4}
 62185 | Depths:3 | Found a one-way gate leading to the halls of Pandemonium.
 62456 | Depths:3 | Identified a scroll of acquirement
 62501 | Depths:3 | Found a runed translucent door.
 62501 | Depths:3 | Found a runed translucent door.
 64020 | Depths:4 | Found a sparkling altar of Nemelex Xobeh.
 64805 | Depths:4 | Identified the +3 ring mail of Love and Death {rN++ Str+4}
 65184 | Depths:4 | Reached XP level 26. HP: 98/184 MP: 23/37
 65487 | Depths:4 | Reached skill level 10 in Evocations
 65637 | Depths:4 | Found a glowing golden altar of the Shining One.
 65906 | Depths:4 | Found a broken altar of Ashenzari.
 65909 | Depths:4 | You are sucked into a shaft and drop 1 floor!
 65909 | Depths:5 | Entered Level 5 of the Depths
 65952 | Depths:5 | Reached skill level 10 in Crossbows
 65971 | Depths:5 | Reached skill level 10 in Dodging
 66704 | Depths:5 | Found a gate to the Realm of Zot.
 66857 | Depths:5 | Identified the amulet of Nisuh {Faith *Drain +Blink rF+
                  | Str+3}
 66909 | Depths:5 | Found a gateway to a ziggurat.
 67412 | Depths:5 | Identified the +6 dagger of Docvemic {vorpal, *Rage rElec
                  | rPois Int+4}
 67698 | D:14     | Killed bmj180's ghost
 68205 | Lair:1   | Acquired a manual of Throwing
 68457 | Vaults:4 | Bought a potion of curing for 51 gold pieces
 68457 | Vaults:4 | Bought 2 potions of curing for 102 gold pieces
 68457 | Vaults:4 | Bought 3 potions of curing for 153 gold pieces
 68457 | Vaults:4 | Bought a potion of curing for 51 gold pieces
 68457 | Vaults:4 | Bought a potion of haste for 170 gold pieces
 68457 | Vaults:4 | Bought a potion of mutation for 136 gold pieces
 68457 | Vaults:4 | Bought a potion of mutation for 136 gold pieces
 68475 | Vaults:5 | Entered Level 5 of the Vaults
 69256 | Vaults:5 | Reached XP level 27. HP: 131/190 MP: 17/37
 69533 | Vaults:5 | Noticed an ancient lich
 69551 | Vaults:5 | Killed an ancient lich
 70447 | Vaults:5 | Identified the +4 great sword "Ustec" {venom, rElec rPois
                  | Str+3 Int-4}
 70455 | Vaults:5 | Noticed an ancient lich
 70472 | Vaults:5 | Killed an ancient lich
 70478 | Vaults:5 | Identified the ring "Haunneid" {AC+4 Int+5}
 70550 | Vaults:5 | Identified the +1 long sword "Cenot" {pain, *Drain +Rage
                  | +Inv Dex+9}
 70550 | Vaults:5 | Identified the ring "Rukhlutt" {+Fly rN++ Will+ Str-2}
 70684 | Vaults:5 | Identified the +6 falchion "Xuanyshruff" {freeze, rElec
                  | Will+ Str+4}
 70712 | Vaults:5 | Identified the +2 arbalest "Jut Qich" {vorpal, Str+2}
 71030 | Vaults:5 | Identified the +8 falchion of Gerphaoz {distort, Will-
                  | Str+4 Dex+3}
 71035 | Vaults:5 | Identified the +1 rapier "Gibri" {flame, rF+ rN+ Dex-4
                  | Stlth+}
 71049 | Vaults:5 | Got a silver rune of Zot
 72075 | Zot:1    | Entered Level 1 of the Realm of Zot
 72491 | Zot:1    | Noticed an orb of fire
 72492 | Zot:1    | Gained mutation: You do not regenerate when monsters are
                  | visible. [an orb of fire]
 72503 | Zot:1    | Killed an orb of fire
 74704 | Zot:2    | Upgraded the game from 0.27-a0-650-g8dd3ea4f36 to
                  | 0.27-a0-660-g90476cec82
 75647 | Zot:3    | Noticed Roxtikhle's ghost (legendary OgGl)
 76243 | Zot:3    | Found a transporter.
 76368 | Zot:3    | Found a transporter.
 76599 | Zot:4    | Reached skill level 25 in Fighting
 78839 | Zot:4    | Found a runed translucent gate.
 78839 | Zot:4    | Found a runed translucent gate.
 78839 | Zot:4    | Found a runed translucent gate.
 78840 | Zot:4    | Noticed Gikacato's ghost (master TrAr)
 78840 | Zot:4    | Noticed Jimaaf's ghost (adept DDFi)
 78840 | Zot:4    | Noticed Boamp's ghost (legendary OpVM)
 78842 | Zot:4    | Noticed Tommur's ghost (adept MiFi)
 78936 | Zot:5    | Entered Level 5 of the Realm of Zot
 79490 | Zot:5    | Noticed an orb of fire
 79500 | Zot:5    | Gained mutation: Scrolls take you a little longer to read.
                  | [an orb of fire]
 79513 | Zot:5    | Gained mutation: You possess an exceptional clarity of
                  | mind. [an orb of fire]
 79519 | Zot:5    | Gained mutation: Scrolls take you longer to read. [an orb
                  | of fire]
 79525 | Zot:5    | Killed an orb of fire
 79549 | Zot:5    | Noticed an ancient lich
 79555 | Zot:5    | Killed an ancient lich
 79628 | Zot:5    | Noticed an ancient lich
 79653 | Zot:5    | Killed an ancient lich
 79750 | Zot:5    | Reached skill level 26 in Fighting
 79881 | Zot:5    | Noticed an ancient lich
 79894 | Zot:5    | Killed an ancient lich
 80424 | Zot:5    | Noticed an ancient lich
 80424 | Zot:5    | Noticed an orb of fire
 80424 | Zot:5    | Noticed an orb of fire
 80425 | Zot:5    | Noticed an orb of fire
 80425 | Zot:5    | Noticed a dread lich
 80426 | Zot:5    | Noticed an ancient lich
 80428 | Zot:5    | Killed an orb of fire
 80428 | Zot:5    | Killed a dread lich
 80429 | Zot:5    | Killed an ancient lich
 80676 | Zot:5    | Killed an ancient lich
 81015 | Zot:5    | Gained mutation: Your body sometimes deteriorates upon
                  | taking damage. [an orb of fire]
 81044 | Zot:5    | Killed an orb of fire
 81363 | Zot:5    | Gained mutation: You are occasionally teleported next to
                  | monsters. [mutagenic glow]
 81379 | Zot:5    | Gained mutation: Your magical capacity is low. (-10% MP)
                  | [mutagenic glow]
 81395 | Zot:5    | Lost mutation: You possess an exceptional clarity of mind.
                  | [mutagenic glow]
 81555 | Zot:4    | Lost mutation: Your flesh is heat resistant. (rF+) [potion
                  | of mutation]
 81555 | Zot:4    | Lost mutation: Your magical capacity is low. (-10% MP)
                  | [potion of mutation]
 81555 | Zot:4    | Lost mutation: Your body sometimes deteriorates upon taking
                  | damage. [potion of mutation]
 81555 | Zot:4    | Gained mutation: Your magical capacity is low. (-10% MP)
                  | [potion of mutation]
 81555 | Zot:4    | Gained mutation: You are partially covered in slimy green
                  | scales. (AC +2) [potion of mutation]
 81556 | Zot:4    | Lost mutation: Scrolls take you longer to read. [potion of
                  | mutation]
 81556 | Zot:4    | Lost mutation: Your magical capacity is low. (-10% MP)
                  | [potion of mutation]
 81556 | Zot:4    | Gained mutation: You are dopey. (Int -2) [potion of
                  | mutation]
 81556 | Zot:4    | Gained mutation: You have sharp toenails. [potion of
                  | mutation]
 81557 | Zot:4    | Lost mutation: You are occasionally teleported next to
                  | monsters. [potion of mutation]
 81557 | Zot:4    | Lost mutation: Scrolls take you a little longer to read.
                  | [potion of mutation]
 81557 | Zot:4    | Lost mutation: You do not regenerate when monsters are
                  | visible. [potion of mutation]
 81557 | Zot:4    | Gained mutation: You have a pair of small horns on your
                  | head. [potion of mutation]
 81685 | Zot:5    | Reached skill level 27 in Fighting
 81742 | Zot:5    | Gained mutation: You occasionally shout uncontrollably at
                  | your foes. [an orb of fire]
 81744 | Zot:5    | Gained mutation: You are very dopey. (Int -4) [an orb of
                  | fire]
 81747 | Zot:5    | Gained mutation: You are clumsy. (Dex -2) [an orb of fire]
 81764 | Zot:5    | Gained mutation: Your magical capacity is low. (-10% MP)
                  | [an orb of fire]
 81765 | Zot:5    | Gained mutation: You do not regenerate when monsters are
                  | visible. [an orb of fire]
 81769 | Zot:5    | Killed an orb of fire
 82419 | Zot:5    | Upgraded the game from 0.27-a0-660-g90476cec82 to
                  | 0.27-a0-668-gb5737ff2c0
 82761 | Slime:1  | Entered Level 1 of the Pits of Slime
 82895 | Slime:1  | Reached skill level 1 in Throwing
 83483 | Slime:2  | Gained mutation: You are frail. (-10% HP) [a shining eye]
 84216 | Slime:2  | Reached skill level 5 in Throwing
 84574 | Slime:3  | Gained mutation: You tend to lose your temper in combat. [a
                  | shining eye]
 84591 | Slime:3  | Gained mutation: You are weak. (Str -2) [a shining eye]
 85720 | Slime:4  | Lost mutation: You occasionally shout uncontrollably at
                  | your foes. [potion of mutation]
 85720 | Slime:4  | Lost mutation: You are frail. (-10% HP) [potion of
                  | mutation]
 85765 | Slime:4  | Lost mutation: You are clumsy. (Dex -2) [potion of
                  | mutation]
 85765 | Slime:4  | Lost mutation: Your flesh is cold resistant. (rC+) [potion
                  | of mutation]
 85765 | Slime:4  | Lost mutation: You have sharp toenails. [potion of
                  | mutation]
 85765 | Slime:4  | Lost mutation: You are very dopey. (Int -4) [potion of
                  | mutation]
 85765 | Slime:4  | Gained mutation: You are strong-willed. (Will+) [potion of
                  | mutation]
 85766 | Slime:4  | Lost mutation: You are weak. (Str -2) [potion of mutation]
 85766 | Slime:4  | Lost mutation: You do not regenerate when monsters are
                  | visible. [potion of mutation]
 85766 | Slime:4  | Lost mutation: You are partially covered in slimy green
                  | scales. (AC +2) [potion of mutation]
 85766 | Slime:4  | Lost mutation: You have a pair of small horns on your head.
                  | [potion of mutation]
 85766 | Slime:4  | Gained mutation: Your flesh is heat resistant. (rF+)
                  | [potion of mutation]
 85766 | Slime:4  | Lost mutation: You tend to lose your temper in combat.
                  | [potion of mutation]
 85766 | Slime:4  | Gained mutation: You are somewhat resistant to further
                  | mutation. [potion of mutation]
 85768 | Slime:5  | Entered Level 5 of the Pits of Slime
 86043 | Slime:5  | Noticed the Royal Jelly
 86054 | Slime:5  | Killed the Royal Jelly
 86302 | Slime:5  | Reached skill level 10 in Throwing
 86345 | Slime:5  | Found the amulet of Vitality {Regen+ HP+15}
 86397 | Slime:5  | Identified the Disquisition on Glacial Calling
 86409 | Slime:5  | Identified the +9 scimitar of Dydiq {vorpal, *Noise rF+++
                  | Str+5 Dex+3}
 86410 | Slime:5  | Identified the ring "Lioluax" {rPois rF+ rC+}
 86434 | Slime:5  | Identified the +8 fustibalus of Virtue {vorpal, Dex+3}
 86516 | Slime:5  | Got a slimy rune of Zot
 86517 | Slime:5  | Identified the amulet of Xemm {RegenMP rC++ SInv}
 86581 | Slime:5  | Acquired 1070 gold pieces
 87535 | Zot:5    | Got the Orb of Zot
 87631 | Zot:4    | Noticed Vesum the pandemonium lord
 88153 | D:$      | Escaped with the Orb!

Illustrated notes

Levels and vault maps discovered:
D:1:      mushboom_english_gardens, layout_loops_corners
D:2:      layout_basic, lemuel_blue_sif_altar, minmay_splitting_lines,
          uniq_jessica, uniq_sigmund
D:3:      layout_loops_ring
D:4:      layout_loops_corners, gammafunk_ghost_necromancy, uniq_natasha,
          uniq_menkaure, uniq_blork_the_orc
D:5:      lemuel_castle_with_subvaults [lemuel_castle_interior_carwin_1],
          layout_cave_pods, kennysheep_little_box, serial_shops,
          nicolae_shop_waterfront
D:6:      layout_cave_pools, minmay_temple_entry_statues, serial_shops, shop,
          supply_closet_lemuel, uniq_pikel
D:7:      layout_loops_ring, serial_shops, shop_fountains,
          nicolae_shop_waterfront, nicolae_shop_trees, shop
D:8:      layout_basic, hangedman_misty_isle, uniq_prince_ribbit1, uniq_psyche,
          uniq_joseph
D:9:      layout_loops_ring, nemelex_xobeh_ov_fountains_minmay,
          nicolae_overflow_hidden_temple, zombieorc1_lemuel,
          chequers_mini_garden
D:10:     layout_basic, erik_lair_island, hangedman_tell_no_tales
D:11:     lemuel_ice_statue, layout_basic, serial_shops, nicolae_shop_stone,
          nicolae_shop_crystal, shop
D:12:     layout_cave_pools
D:13:     layout_roguey [special_room_bee], serial_shops, shop,
          nicolae_ru_awakened_eye
D:14:     layout_stronghold, erik_vaults_1, maelrawn_ghost_gauntlet_escape,
          skrybe_limestone_x
D:15:     gammafunk_depths_entry_grave, layout_rooms,
          nicolae_wu_jian_immortal_techniques
Temple:   lightli_temple_of_artemis
Lair:1:   layout_hall_layers, minmay_lair_oklob_chamber, uniq_maggie
Lair:2:   layout_cave_pods, palyth_hydra_swamp_entry
Lair:3:   layout_chaotic_city, grunt_forest_stairs_basic,
          grunt_forest_small_clearings
Lair:4:   layout_cave_pods, minmay_snake_entry_six_corridors,
          infiniplex_staircase_pool
Lair:5:   layout_long_grid, dpeg_slime_entry_corner,
          chequers_serial_rivers_micro_e, chequers_serial_rivers_micro_d,
          eino_house_with_fridge, serial_bayou_shore_b
Lair:6:   wormcave, layout_long_grid, lightli_volcano_entry_magma_tube,
          uniq_sonja
Swamp:1:  layout_falls_marsh, evilmike_swamp_ruin_rubble_2, uniq_louise
Swamp:2:  layout_basic_swamp, serial_swamp_ruin, evilmike_swamp_ruin_house_1,
          evilmike_swamp_ruin_house_4, evilmike_swamp_ruin_house_3, swamp_pool2,
          nicolae_swamp_godswood
Swamp:3:  layout_falls_marsh, evilmike_swamp_ruin_house_2, uniq_roxanne,
          uniq_nikola
Swamp:4:  swamp, layout_basic_swamp, swamp_pool4, infiniplex_staircase_pool_2
Snake:1:  layout_chambers, serial_bayou_shore_a, grunt_megastairs_5
Snake:2:  layout_gridlike, minmay_shoptagon
Snake:3:  layout_misc_corridors, nicolae_snake_horde_hoard, grunt_megastairs_4,
          minmay_shop_grove, uniq_bai_suzhen, uniq_vashnia
Snake:4:  snake_pit, layout_chambers, basic_altar, library_closet,
          nrook_guardian_serpent_double, grunt_megastairs_2, uniq_aizul
Slime:1:  layout_caves, nicolae_slime_phagocytosis
Slime:2:  layout_caves
Slime:3:  layout_caves
Slime:4:  layout_caves
Slime:5
Orc:1:    layout_caves, basic_altar, uniq_fannar
Orc:2:    pubby_orc_utopia
Elf:1:    layout_onion_city, hangedman_elf_represent
Elf:2:    layout_onion_city, serial_hangedman_research,
          hangedman_research_thanatology, hangedman_research_toxicology,
          hangedman_research_metamorphosis, hangedman_research_pyrotechnics,
          hangedman_research_probablistics
Elf:3:    elf_hall, layout_loops_cross, serial_shops, nicolae_shop_behind_doors,
          minmay_elf_annihilation
Vaults:1: vaults_mumra_lcd, vaults_standard_mumra_enter_the_diamond,
          nicolae_vaults_little_squares_1, nicolae_vaults_little_squares_4,
          nicolae_vaults_circle_grid_a, vaults_room_fancy_cross,
          ontoclasm_vaults_decontamination, dpeg_vaults_monster_box,
          layout_vaults_big_room, portal_desolation_entry_garden, serial_shops,
          nicolae_shop_statue_plus, shop, shop, nicolae_shop_window_shopping
Vaults:2: v_rooms_2, nicolae_vaults_ninety_degrees,
          nicolae_vaults_little_squares_5, v_misc_14, v_misc_23, v_misc_27,
          hangedman_vaults_capsules, v_misc_9, vaults_mumra_chevron,
          nicolae_vaults_shelves_hall, nicolae_vaults_little_squares_4,
          hangedman_vaults_slice, layout_vaults_ring, serial_shops,
          nicolae_shop_behind_doors, uniq_frederick
Vaults:3: minmay_crypt_entry_skeletal_spiral, vaults_room_hallway, v_misc_4,
          grunt_vaults_focal, st_lattice, nicolae_vaults_circle_grid_b,
          v_rooms_3, vaults_room_fancy_cross, v_misc_28, vaults_room_semicircle,
          nicolae_vaults_little_squares_4, nicolae_vaults_little_squares_6,
          layout_vaults_omnicross, serial_shops, shop
Vaults:4: gammafunk_vaults_ghost_necromancy, nicolae_vaults_specimen_jars,
          v_misc_25, ontoclasm_vaults_ring_small, vaults_dpeg_hooks,
          hangedman_vaults_trim, vaults_dpeg_diagonal,
          nicolae_vaults_sealed_display, v_alt_pattern_1,
          layout_vaults_quadrants, serial_shops, shop
Vaults:5
Depths:1: minmay_crescents, layout_cave_pools, pf_vacation_house_of_asmodeus,
          kennysheep_pointless_box, kennysheep_generic_room_15
Depths:2: minmay_haunted_quarter, layout_gridlike, minmay_holes,
          serial_corexii_hall, corexii_hall_statues_deadend,
          chequers_hall_statues_corner_a, hell_entry,
          infiniplex_staircase_pillars_3a
Depths:3: minmay_the_grid_ultimate [minmay_the_grid_prize_diamond_cup,
          minmay_the_grid_prize_inner_circle,
          minmay_the_grid_prize_four_corners, minmay_the_grid_prize_trominoes,
          minmay_the_grid_square_5x5_two,
          minmay_the_grid_square_5x5_fancy_junction,
          minmay_the_grid_square_5x5_beaten_path,
          minmay_the_grid_square_5x5_half_checkered,
          minmay_the_grid_square_5x5_plus,
          minmay_the_grid_square_5x5_broken_cross,
          minmay_the_grid_square_5x5_trominoes,
          minmay_the_grid_square_5x5_inset, minmay_the_grid_square_5x5_minimal,
          minmay_the_grid_square_5x5_longway,
          minmay_the_grid_square_5x5_shrine1,
          minmay_the_grid_square_5x5_gyroscope,
          minmay_the_grid_square_5x5_one_wall,
          minmay_the_grid_square_5x5_bracketed, minmay_the_grid_square_5x5_bite,
          minmay_the_grid_triangle_9x9_shrine,
          minmay_the_grid_triangle_9x9_alien,
          minmay_the_grid_triangle_9x9_cache,
          minmay_the_grid_triangle_9x9_stretched_checkered,
          minmay_the_grid_triangle_9x9_dagger,
          minmay_the_grid_triangle_9x9_from_above,
          minmay_the_grid_triangle_9x9_zippers_vertical,
          minmay_the_grid_triangle_9x9_sparse_checkered,
          minmay_the_grid_triangle_9x9_fully_insulated_deathbox,
          minmay_the_grid_triangle_9x9_corruption,
          minmay_the_grid_triangle_9x9_negative_grid,
          minmay_the_grid_triangle_9x9_zippers_horizontal,
          minmay_the_grid_triangle_9x9_windchime,
          minmay_the_grid_triangle_9x9_pentomino_pain,
          minmay_the_grid_triangle_9x9_tough_junction,
          minmay_the_grid_triangle_9x9_flanged_cone,
          minmay_the_grid_square_5x5_bridge, minmay_the_grid_octo_teeth,
          minmay_the_grid_octo_fat_diamond, minmay_the_grid_octo_chip,
          minmay_the_grid_octo_odd_swirl, minmay_the_grid_octo_checkerflower,
          minmay_the_grid_octo_vomiting_pacman, minmay_the_grid_octo_77,
          minmay_the_grid_octo_clover_2, minmay_the_grid_stretched_grid,
          minmay_the_grid_minigrid_small, minmay_the_grid_mess,
          minmay_the_grid_empty], hell_entry, abyss_entry, pan_entry,
          uniq_mennas
Depths:4: grunt_profane_halls [grunt_profane_temple_coc,
          grunt_profane_temple_tar, grunt_profane_temple_dis,
          grunt_profane_temple_geh, grunt_profane_loot], abyss_entry, pan_entry,
          hell_entry, uniq_margery
Depths:5: grunt_zot_entry_alcove, layout_gridlike, enter_ziggurat_f,
          hangedman_tar_grid_catacomb, nrook_mini_backslash,
          columned_hall_lemuel
Zot:1:    layout_twisted_circle, bh_zot_ikea_curve
Zot:2:    layout_onion, lemuel_flame_loot_1, grunt_megastairs_1
Zot:3:    layout_gridville, gammafunk_ghost_arena
Zot:4:    layout_basic, gammafunk_ghost_cemetery
Zot:5:    layout_cathedral_of_symmetry

Skill      XL: |  1  2  3  4  5  6  7  8  9 10 11 12 13 14 15 16 17 18 19 20 21 22 23 24 25 26 27 |
---------------+----------------------------------------------------------------------------------+-----
Maces & Flails | 3 4 5 7 9 10 11 12 13 14 15 16 17 18 20 | 20.0
Fighting       | 4 5 6 7 8 9 10 11 12 13 14 15 16 17 18 19 21 23 24 27 | 27.0
Armour         | 4 5 6 7 8 9 10 11 12 14 15 16 17 18 19 20 21 22 | 22.0
Shields        | 4 5 6 7 8 9 10 11 12 13 14 15 16 25 | 25.0
Invocations    | 3 5 7 8 9 10 12 13 15 16 17 18 19 20 21 22 | 22.0
Evocations     | 1 4 8 9 10 | 10.0
Crossbows      | 1 6 7 9 10 | 10.0
Dodging        | 3 6 8 9 10 | 10.0
Throwing       | 11 | 11.9

Action                   |  1- 3 |  4- 6 |  7- 9 | 10-12 | 13-15 | 16-18 | 19-21 | 22-24 | 25-27 || total
-------------------------+-------+-------+-------+-------+-------+-------+-------+-------+-------++-------
Melee: Flail             |   150 |   124 |   530 |       |       |       |       |       |       ||   804
       Morningstar       |       |       |    26 |   908 |  1117 |  1918 |  1816 |       |       ||  5785
       Unarmed           |       |       |    11 |       |       |       |       |       |       ||    11
       Eveningstar       |       |       |       |       |       |       |   297 |  1914 |  2762 ||  4973
       Headbutt          |       |       |       |       |       |       |       |       |   103 ||   103
 Fire: Hand crossbow     |       |       |       |       |       |       |       |     1 |   289 ||   290
Throw: Boomerang         |       |       |       |    19 |     3 |    30 |       |       |       ||    52
       Dart              |       |       |       |       |       |    31 |       |       |       ||    31
       Javelin           |       |       |       |       |       |       |       |       |     4 ||     4
       Throwing net      |       |       |       |       |       |       |       |       |     1 ||     1
Invok: Upheaval          |       |       |       |       |     1 |     1 |    10 |    20 |    24 ||    56
       Elemental Force   |       |       |       |       |     1 |     1 |     1 |       |       ||     3
       Disaster Area     |       |       |       |       |     1 |       |       |       |     4 ||     5
 Abil: Fly               |       |       |       |       |       |     1 |       |     1 |       ||     2
       Stop Flying       |       |       |       |       |       |     1 |       |       |       ||     1
Evoke: Lightning rod     |       |       |       |       |       |     4 |    10 |       |     1 ||    15
       Wand              |       |       |       |       |       |     2 |     9 |     1 |     1 ||    13
       Box of beasts     |       |       |       |       |       |     1 |     2 |     1 |     1 ||     5
       Phantom mirror    |       |       |       |       |       |       |     1 |     1 |     1 ||     3
       Tin of tremorston |       |       |       |       |       |       |       |     4 |     2 ||     6
       Condenser vane    |       |       |       |       |       |       |       |       |     2 ||     2
  Use: Scroll            |     3 |     5 |     7 |    10 |     4 |    11 |     6 |     4 |    32 ||    82
       Potion            |       |     2 |     3 |     1 |     3 |     9 |     9 |     2 |    10 ||    39
 Stab: Distracted        |       |       |       |       |       |       |       |     1 |       ||     1
Armor: Scale mail        |    97 |    53 |    85 |       |       |       |       |       |       ||   235
       Plate armour      |       |       |   212 |   108 |       |   153 |   670 |   811 |   190 ||  2144
       Storm dragon scal |       |       |       |   349 |   634 |   648 |       |       |       ||  1631
       Gold dragon scale |       |       |       |       |       |       |       |       |  1084 ||  1084
Dodge: Dodged            |    47 |    53 |   246 |   184 |   221 |   277 |   287 |   346 |   542 ||  2203
       Repelled          |       |       |       |     4 |     9 |    23 |    39 |     9 |    40 ||   124
Block: Kite shield       |    93 |    61 |   330 |   655 |  1202 |  1801 |  1727 |  1496 |  1103 ||  8468
       Reflection        |       |       |       |       |       |       |     6 |    33 |    50 ||    89
       Tower shield      |       |       |       |       |       |       |       |       |  1995 ||  1995

Table legend: (Time is in decaauts)
 A = Elapsed time spent in this place.
 B = Non-inter-level travel time spent in this place.
 C = Inter-level travel time spent in this place.
 D = Time resting spent in this place.
 E = Time spent auto-exploring this place.
 F = Levels seen in this place.
 G = Mean time per level.
                   A        B        C        D        E       F      G
               +--------+--------+--------+--------+--------+-----+--------+
         Total |  86608 |  67085 |  19523 |  21247 |  25194 |  58 | 1493.2 |
       Dungeon |  20759 |  17937 |   2822 |   4343 |   8299 |  15 | 1383.9 |
        Temple |    143 |     99 |     44 |      0 |     88 |   1 |  143.0 |
          Lair |   7530 |   6329 |   1201 |    987 |   4043 |   6 | 1255.0 |
         Swamp |   6050 |   5132 |    918 |   2651 |   1113 |   4 | 1512.5 |
     Snake Pit |   5606 |   4463 |   1143 |    469 |   2495 |   4 | 1401.5 |
    Slime Pits |   4243 |   4061 |    182 |   1228 |   1949 |   5 |  848.6 |
  Orcish Mines |   2789 |   2394 |    395 |    229 |   1469 |   2 | 1394.5 |
   Elven Halls |   7586 |   5460 |   2126 |   2473 |    992 |   3 | 2528.7 |
        Vaults |   9916 |   6948 |   2968 |   2135 |   2836 |   5 | 1983.2 |
        Depths |  10557 |   7021 |   3536 |   2934 |   1533 |   5 | 2111.4 |
           Zot |  10355 |   6170 |   4185 |   3561 |    265 |   5 | 2071.0 |
         Abyss |    525 |    525 |      0 |      6 |      0 |   2 |  262.5 |
       Volcano |    544 |    544 |      0 |    230 |    111 |   1 |  544.0 |
               +--------+--------+--------+--------+--------+-----+--------+

Top non-repeatable levels by time:
Depths:3: 4071 daAuts
   Elf:2: 3739 daAuts
   Zot:5: 3225 daAuts
Vaults:4: 2765 daAuts
   Zot:4: 2370 daAuts
   Orc:2: 2247 daAuts
 Swamp:3: 2117 daAuts
Vaults:3: 2116 daAuts
Depths:4: 2114 daAuts
   Elf:3: 2095 daAuts
     D:5: 2030 daAuts
    D:14: 2029 daAuts
Vaults:2: 1906 daAuts
    D:11: 1892 daAuts
     D:4: 1805 daAuts
